 Dungeon Crawl Stone Soup version 0.31-a0-263-ge8cad7f256 (webtiles) character file.

Game seed: 4545319539310359104

49 dolemite99 the Changeling (level 3, -4/12 HPs)
             Began as a Demonspawn Shapeshifter on July 14, 2023.
             Slain by an orc
             ... wielding a +0 whip
              (5 damage)
             ... on level 3 of the Dungeon.
             The game lasted 00:01:24 (1577 turns).

dolemite99 the Changeling (Demonspawn Shapeshifter) Turns: 1577, Time: 00:01:25

Health: -4/12      AC: 14    Str: 27    XL:     3   Next: 53%
Magic:  3/3        EV:  8    Int:  9    God:
Gold:   27         SH:  0    Dex: 13    Spells: 2/2 levels left

rFire   + +          .
                       - Unarmed
rCold   x . .        (shield currently unavailable)
rNeg    . . .        a - melded +0 animal skin
rPois   +            (helmet currently unavailable)
rElec   .            (cloak currently unavailable)
rCorr   .            (gloves currently unavailable)
SInv    .            (boots currently unavailable)
Will    .....        (no amulet)
Stlth   +            (no ring)
HPRegen 0.22/turn    (no ring)
MPRegen 0.08/turn

%: no passive effects
@: dragon-form, flying
A: dragon claw, dragon scales, breathe fire, flying, reduced hp, giant,
(antennae 1), (sturdy frame 1)
a: Breathe Fire, Begin Untransformation


You were on level 3 of the Dungeon.
You were a fearsome dragon!
You visited 1 branch of the dungeon, and saw 3 of its levels.

You collected 144 gold pieces.
You spent 117 gold pieces at shops.

Inventory:

Missiles
 f - a throwing net
Armour
 a - a +0 animal skin (melded)
Talismans
 c - a beast talisman
 d - a dragon-blood talisman
Scrolls
 g - a scroll of fear {unknown}
 h - a scroll of butterflies {unknown}
 i - 3 scrolls of identify {unknown}
Potions
 b - 2 potions of lignification
 e - a potion of berserk rage {unknown}
 j - 2 potions of attraction {unknown}
 k - 4 potions of curing
 l - a potion of haste {unknown}
 m - a potion of enlightenment {unknown}


   Skills:
 - Level 2.0 Fighting
 - Level 1.7 Dodging
 - Level 1.7 Unarmed Combat
 + Level 3.8 Shapeshifting


You had 2 spell levels left.
You didn't know any spells.
Your spell library was empty.

Dungeon Overview and Level Annotations

Branches:
Dungeon (3/15)

Altars:

Shops:
D:2 !

Annotations:
D:3 Robin


Innate Abilities, Weirdness & Mutations

You are a fearsome dragon!
You have a powerful clawing attack.
Your giant scaled body is strong and resiliant, but less evasive.
You can breathe fire.
You are flying.
Your maximum health is decreased, since you lack skill for your form.
Your armour is entirely melded.
You are incapable of wielding weapons or throwing items.
((You have a pair of small antennae on your head.))
((Your movements are slightly less encumbered by armour. (ER -2)))


Message History

A worm comes into view.
Robin roars a battlecry!
The goblins go into a battle-frenzy!
A goblin comes into view. It is wielding a +0 club.
Found a scroll labelled PIOROJEU MUSYR.
The hobgoblin shouts!
The goblin hits you with a +0 club. The orc barely misses you.
You hit the goblin. Your bite misses the goblin.
The goblin is almost dead.
You are too injured to fight recklessly!
You closely miss the goblin.
The goblin is almost dead.
The orc barely misses you. The goblin hits you but does no damage.
You completely miss the goblin.
The goblin is almost dead.
The goblin closely misses you. The orc hits you but does no damage.
The goblin hits you but does no damage. x3
You closely miss the goblin.
Your tail-slap misses the goblin.
You bite the goblin.
You kill the goblin!
The goblin barely misses you. The orc hits you but does no damage.
The goblin hits you but does no damage.
You bite the goblin!!
You kill the goblin!
Robin throws the goblin at you! The goblin hits you but does no damage.
The orc hits you but does no damage. The goblin barely misses you.
The goblin hits you with a +0 club. The ball python bites you.
* * * LOW HITPOINT WARNING * * *
You hit the goblin.
The goblin is moderately wounded.
The goblin hits you but does no damage. The orc hits you but does no damage.
The goblin hits you with a +0 dagger.
* * * LOW HITPOINT WARNING * * *
The goblin hits you but does no damage. The ball python barely misses you.
You barely miss the goblin.
Your tail-slap misses the goblin.
The goblin is moderately wounded.
The goblin closely misses you.
The ball python bites you but does no damage.
The orc hits you with a +0 whip.
You die...

#############
............#
####.....<.#
#........#.#
#.##.#.......
#.####g##.#.#######
#...gggDg...#
#...ggoS#.###
#....ggg....
#....w.#.####
.........#
.......### .......
#.....?


You could see a worm, Robin, an orc, a hobgoblin (strong), 8 goblins and a ball
python.

Vanquished Creatures
  A worm (D:2)
  A dart slug (D:2)
  An orc (D:2)
  A ball python (D:2)
  2 bats (D:1)
  5 endoplasms
  3 giant cockroaches
  6 goblins
  3 hobgoblins
  2 quokkas (D:1)
  3 frilled lizards (D:2)
  5 kobolds
  6 rats
39 creatures vanquished.

Notes
Turn   | Place    | Note
-------+----------+-------------------------------------------
     0 | D:1      | dolemite99 the Demonspawn Shapeshifter began the quest for
                  | the Orb.
     0 | D:1      | Reached XP level 1. HP: 16/16 MP: 1/1
   235 | D:1      | Reached skill level 3 in Shapeshifting
   252 | D:1      | Gained mutation: Your movements are slightly less
                  | encumbered by armour. (ER -2) [demonic ancestry]
   252 | D:1      | Reached XP level 2. HP: 9/22 MP: 2/2
   847 | D:2      | Gained mutation: You have a pair of small antennae on your
                  | head. [demonic ancestry]
   847 | D:2      | Reached XP level 3. HP: 12/27 MP: 3/3
  1201 | D:2      | Found Nezai's Distillery.
  1220 | D:2      | Bought a potion of curing for 39 gold pieces
  1220 | D:2      | Bought a potion of lignification for 39 gold pieces
  1220 | D:2      | Bought a potion of curing for 39 gold pieces
  1569 | D:3      | Noticed Robin
  1577 | D:3      | Slain by an orc

Illustrated notes

Levels and vault maps discovered:
D:1:      dpeg_arrival_water_temple_mockup, layout_loops_ring,
          hangedman_decor_push
D:2:      layout_basic, serial_shops, shop_fountains
D:3:      layout_basic, grunt_temple_overflow_open,
          shapermc_ecumenical_altar_mp_highgroup, palyth_stone_intersect,
          minmay_misc_feat_cross, nrook_uturn, uniq_robin

Skill      XL: |  1 |
---------------+----+-----
Shapeshifting  | 3 |  3.8
Fighting       | |  2.0
Dodging        | |  1.7
Unarmed Combat | |  1.7

Action                     || total
---------------------------++-------
  Melee: Unarmed           ||    61
         Tailslap          ||     4
         Bite              ||     3
         Punch             ||     1
   Stab: Sleeping          ||     1
 Armour: Skin              ||    42
  Dodge: Dodged            ||    27
   Form: Dragon            ||     1

Table legend: (Time is in decaauts)
 A = Elapsed time spent in this place.
 B = Non-inter-level travel time spent in this place.
 C = Inter-level travel time spent in this place.
 D = Time resting spent in this place.
 E = Time spent auto-exploring this place.
 F = Levels seen in this place.
 G = Mean time per level.
                   A        B        C        D        E       F      G
               +--------+--------+--------+--------+--------+-----+--------+
         Total |   1574 |   1512 |     62 |    124 |   1147 |   3 |  524.7 |
       Dungeon |   1574 |   1512 |     62 |    124 |   1147 |   3 |  524.7 |
               +--------+--------+--------+--------+--------+-----+--------+

Top non-repeatable levels by time:
     D:1: 797 daAuts
     D:2: 761 daAuts
     D:3: 16 daAuts
